 Dungeon Crawl Stone Soup version 0.27-a0-3-gcf006a40f5 (webtiles) character file.

Game seed: 3601364376343788988

429 tsouns the Chiller (level 6, 0/78 HPs)
             Began as a Draconian Ice Elementalist on Jan 1, 2021.
             Slain by an ice beast (14 damage)
             ... on level 5 of the Dungeon.
             The game lasted 00:10:19 (4352 turns).

tsouns the Chiller (Draconian Ice Elementalist)     Turns: 4352, Time: 00:10:19

Health: 0/78       AC:  6    Str: 11    XL:     6   Next: 66%
Magic:  12/12      EV: 12    Int: 15    God:
Gold:   13         SH:  0    Dex: 18    Spells: 6/13 levels left

rFire    . . .     SeeInvis .   p - +4 whip "Sewoil" {vorpal, +Rage rN+ Int-2 Dex+7}
rCold    . . .     Faith    .   (no shield)
rNeg     + . .     Spirit   .   (armour unavailable)
rPois    +         Reflect  .   (helmet restricted)
rElec    .         Harm     .   (no cloak)
rCorr    .         Rampage  .   (no gloves)
Will     +....                  (no boots)
Stlth    ..........             (no amulet)
HPRegen  0.23/turn              d - ring of poison resistance
MPRegen  0.13/turn              j - ring of willpower

@: berserking, slowed
A: unfitting armour, cold-blooded, AC +6
a: Evoke Berserk Rage


You were on level 5 of the Dungeon.
You visited 1 branch of the dungeon, and saw 5 of its levels.

You collected 181 gold pieces.
You spent 168 gold pieces at shops.

Inventory:

Hand Weapons
 g - a +0 whip of venom
 p - the +4 whip "Sewoil" (weapon) {vorpal, +Rage rN+ Int-2 Dex+7}
   (You found it on level 4 of the Dungeon)

   It inflicts extra damage upon your enemies.
   It affects your intelligence (-2).
   It affects your dexterity (+7).
   It protects you from negative energy.
   It lets you go berserk.
Missiles
 b - 6 poisoned darts
Jewellery
 d - a ring of poison resistance (left hand)
 j - a ring of willpower (right hand)
 l - an uncursed ring of flight
Scrolls
 h - 2 scrolls of remove curse
 k - a scroll of identify
 m - a scroll of amnesia
 n - a scroll of blinking
Potions
 a - 3 potions of haste
 c - 5 potions of curing
 e - 2 potions of cancellation
 f - 2 potions of heal wounds
 o - a potion of magic
 q - a potion of mutation


   Skills:
 + Level 4.0 Fighting
 + Level 0.9 Maces & Flails
 - Level 1.7 Dodging
 - Level 1.7 Stealth
 + Level 4.0 Spellcasting
 + Level 5.6 Ice Magic


You had 6 spell levels left.
You knew the following spells:

 Your Spells              Type           Power        Failure   Level
a - Freeze                Ice            80%          1%          1
b - Frozen Ramparts       Ice            40%          5%          3
c - Ozocubu's Armour      Ice            20%          5%          3

Your spell library contained the following spells:

 Spells                   Type           Power        Failure   Level
 Hailstorm                Conj/Ice       11%          50%         4
 Summon Ice Beast         Ice/Summ       11%          50%         4


Dungeon Overview and Level Annotations

Branches:
Dungeon (5/15)
 Temple: D:4-7

Altars:
Cheibriados
Dithmenos
Okawaru
Xom

Shops:
D:4 !


Innate Abilities, Weirdness & Mutations

Your plain brown scales are hard. (AC +6)
You cannot fit into any form of body armour.
You are cold-blooded and may be slowed by cold attacks.


Message History

You feel much better. The ice beast misses you. The ice beast hits you.
The ice beast freezes you!
You feel as though you will be slow longer.
A red film seems to cover your vision as you go berserk!
You feel yourself moving faster!
You feel mighty! The ice beast hits you. The ice beast freezes you!
You hit the ice beast. You tail-slap the ice beast.
The ice beast is severely wounded.
The ice beast hits you. The ice beast freezes you!
You barely miss the ice beast.
The ice beast is severely wounded.
You feel yourself speed up. The ice beast hits you. The ice beast freezes you!
* * * LOW HITPOINT WARNING * * *
You hit the ice beast.
The ice beast is almost dead.
The ice beast hits you.
* * * LOW HITPOINT WARNING * * *
The ice beast freezes you!
You feel yourself slow down.
You die...

#............##
.........<....#
.......<......# .
..............# ..
..............#.#
................#
#............#####
#....Y@..........
#########........
##..........
##..##.......
###..## ..###.#
##...## .... .
####..### ......
#....######.......
#..##..............


You could see an ice beast.

Vanquished Creatures
  A bullfrog zombie (D:5)
  4 orc wizards (D:3)
  2 orc priests (D:3)
  Jessica (D:2)
  An iguana (D:4)
  A worker ant (D:4)
  An adder (D:2)
  An ooze (D:1)
  3 worms
  2 dart slugs
  4 leopard geckos
  12 orcs
  A ball python (D:3)
  8 bats
  5 giant cockroaches
  6 goblins
  9 hobgoblins
  14 jackals
  2 quokkas
  4 frilled lizards
  14 kobolds
  A quokka skeleton (D:5)
  8 rats
105 creatures vanquished.

Vanquished Creatures (others)
  7 plants (D:1)
7 creatures vanquished.

Grand Total: 112 creatures vanquished

Notes
Turn   | Place    | Note
-------+----------+-------------------------------------------
     0 | D:1      | tsouns the Draconian Ice Elementalist began the quest for
                  | the Orb.
     0 | D:1      | Reached XP level 1. HP: 14/14 MP: 3/3
   276 | D:1      | Reached XP level 2. HP: 22/22 MP: 0/5
   309 | D:1      | Reached skill level 1 in Fighting
   635 | D:1      | Reached XP level 3. HP: 28/28 MP: 6/6
   639 | D:1      | Learned a level 3 spell: Frozen Ramparts
   654 | D:1      | Learned a level 3 spell: Ozocubu's Armour
  1097 | D:2      | Noticed Jessica
  1115 | D:2      | Killed Jessica
  1116 | D:2      | Reached XP level 4. HP: 36/36 MP: 4/8
  1205 | D:2      | Found a snail-covered altar of Cheibriados.
  1207 | D:2      | Found an iron altar of Okawaru.
  1214 | D:2      | Found a shimmering altar of Xom.
  2041 | D:3      | Reached skill level 5 in Ice Magic
  2041 | D:3      | Reached XP level 5. HP: 41/44 MP: 2/9
  2433 | D:3      | Reached XP level 6. HP: 34/52 MP: 3/11
  2661 | D:3      | Found a shadowy altar of Dithmenos.
  2971 | D:4      | Got an encrusted whip
  2972 | D:4      | Identified the +4 whip "Sewoil" {vorpal, +Rage rN+ Int-2
                  | Dex+7} (You found it on level 4 of the Dungeon)
  3506 | D:4      | Found Acvan's Distillery.
  3614 | D:4      | Bought a potion of degeneration for 14 gold pieces
  3614 | D:4      | Bought a potion of mutation for 112 gold pieces
  3614 | D:4      | Bought a potion of curing for 42 gold pieces
  4272 | D:5      | Entered Level 5 of the Dungeon
  4336 | D:5      | Noticed an ice beast
  4352 | D:5      | Slain by an ice beast

Illustrated notes

Levels and vault maps discovered:
D:1:      dpeg_arrival_rooms_b, layout_basic, minmay_misc_feat_plants,
          lexackson_kobold_supper
D:2:      layout_rooms, grunt_temple_overflow_open, uniq_jessica
D:3:      layout_loops_ring, nicolae_overflow_hidden_temple
D:4:      layout_basic, serial_shops, nicolae_shop_waterfront,
          kennysheep_pointless_box
D:5:      layout_rooms, elyvilon_altar_1, minmay_temple_entry_proselytizer,
          portal_sewer_entry_f, serial_shops, shop, nicolae_shop_trees,
          shop_scrolls

Skill      XL: |  1  2  3  4  5  6 |
---------------+-------------------+-----
Fighting       | 1 2 3 4 |  4.0
Spellcasting   | 3 4 |  4.0
Ice Magic      | 5 |  5.6
Maces & Flails | |  0.9
Dodging        | |  1.7
Stealth        | |  1.7

Action                   |  1- 3 |  4- 6 || total
-------------------------+-------+-------++-------
Melee: Unarmed           |    21 |       ||    21
       Whip              |     5 |    87 ||    92
       Tailslap          |     1 |    13 ||    14
 Cast: Freeze            |    41 |    82 ||   123
       Frozen Ramparts   |     1 |     2 ||     3
  Use: Scroll            |       |    11 ||    11
       Potion            |       |     2 ||     2
 Stab: Sleeping          |       |     3 ||     3
Armor: Skin              |    18 |    31 ||    49
Dodge: Dodged            |    34 |    86 ||   120

Table legend: (Time is in decaauts)
 A = Elapsed time spent in this place.
 B = Non-inter-level travel time spent in this place.
 C = Inter-level travel time spent in this place.
 D = Time resting spent in this place.
 E = Time spent auto-exploring this place.
 F = Levels seen in this place.
 G = Mean time per level.
                   A        B        C        D        E       F      G
               +--------+--------+--------+--------+--------+-----+--------+
         Total |   4364 |   4216 |    148 |     25 |   3495 |   5 |  872.8 |
       Dungeon |   4364 |   4216 |    148 |     25 |   3495 |   5 |  872.8 |
               +--------+--------+--------+--------+--------+-----+--------+

Top non-repeatable levels by time:
     D:4: 1351 daAuts
     D:1: 1081 daAuts
     D:3: 1040 daAuts
     D:2: 809 daAuts
     D:5: 81 daAuts
